AoeStats
← Tsoudbrah

Arena

509301561Analyzed
2v2 RM · 7d ago on Sep 26, 2026· 47m 31s· 4 players
Game mode
Random Map
Map size
Medium (4 player)
Population
200
Speed
Normal
Resources
Standard
Victory
Conquest
Starting age
Dark Age
Ending age
Imperial Age
RankedLock teamsTeams togetherTeam positionsShared explorationLock speedFull tech treeHidden civsTurbo modeCheats
Victory
Defeat
🇦🇺 Romans · Australia
1374
+15
🇳🇿 Celts · New Zealand
1170
+23
🇺🇸 Muisca · United States
1350
-19
🇺🇸 Cumans · United States
1331
-19
dl_cucga
8:33 Feudal Age
9:34 Double-Bit Axe
10:23 Horse Collar
20:04 Castle Age
19:33 Gold Mining
19:34 Stone Mining
21:37 Bow Saw
22:05 Wheelbarrow
21:32 Heavy Plow
28:02 Imperial Age
26:05 Hand Cart
25:43 Fletching
26:17 Ballistics
26:26 Bodkin Arrow
27:45 Loom
27:46 Town Watch
28:27 Padded Archer Armor
29:54 Chemistry
29:21 Parthian Tactics
30:17 Two-Man Saw
29:24 Thumb Ring
29:35 Leather Archer Armor
29:32 Bloodlines
30:52 Ring Archer Armor
32:03 Elite Kipchak
33:04 Conscription
32:44 Cuman Mercenaries
33:19 Scale Barding Armor
34:22 Chain Barding Armor
33:25 Light Cavalry
33:48 Capped Ram
34:17 Hussar
35:09 Forging
35:52 Plate Barding Armor
36:53 Iron Casting
37:57 Scale Mail Armor
39:41 Blast Furnace
38:09 Siege Ram
40:50 Coinage
45:03 Banking
44:08 Elite Steppe Lancer
Tsoudbrah
10:38 Feudal Age
11:56 Loom
14:36 Castle Age
12:04 Champi Runner
12:48 Scale Mail Armor
14:46 Forging
15:39 Double-Bit Axe
19:17 Horse Collar
23:20 Wheelbarrow
28:17 Imperial Age
25:50 Champi Warrior
26:31 Squires
27:09 Chain Mail Armor
27:39 Herbalism
29:17 Elite Champi Warrior
31:02 Plate Mail Armor
31:59 Heavy Plow
36:02 Conscription
41:52 Onager
44:01 Capped Ram
Rexona
10:46 Feudal Age
11:56 Loom
14:55 Castle Age
13:25 Double-Bit Axe
13:22 Horse Collar
15:01 Wheelbarrow
21:13 Bow Saw
22:44 Heavy Plow
23:22 Hand Cart
23:08 Town Watch
24:05 Gold Mining
25:05 Stone Mining
26:04 Gold Shaft Mining
29:29 Imperial Age
27:14 Pikeman
27:52 Fletching
29:00 Stronghold
30:01 Ballistics
29:37 Murder Holes
30:03 Bodkin Arrow
30:09 Scale Mail Armor
30:19 Forging
29:35 Heavy Scorpion
30:55 Conscription
31:40 Furor Celtica
32:11 Siege Engineers
32:24 Arson
33:58 Chemistry
39:29 Halberdier
41:33 Iron Casting
41:04 Scale Barding Armor
41:16 Chain Mail Armor
43:19 Blast Furnace
S15_RB26
10:21 Feudal Age
14:38 Castle Age
12:58 Horse Collar
13:39 Double-Bit Axe
16:04 Wheelbarrow
17:01 Bow Saw
19:24 Hand Cart
22:18 Stone Mining
22:55 Gold Mining
24:47 Gold Shaft Mining
31:08 Imperial Age
28:45 Scale Mail Armor
28:55 Forging
28:33 Man-at-Arms
29:13 Squires
29:23 Long Swordsman
31:21 Iron Casting
30:29 Pikeman
32:15 Chain Mail Armor
35:31 Comitatenses
35:32 Conscription
34:38 Legionary
40:10 Blast Furnace
Connection lost

Rejoining the realm…

Still unreachable

The connection could not be restored.

Session expired

The server has moved on; the page needs a fresh start.